 Dungeon Crawl Stone Soup version 0.28-a0-1629-gf728b707aa (webtiles) character file.

Game seed: 3788850200714677761

53 issech the Cudgeller (level 3, -1/36 HPs)
             Began as a Troll Monk on Jan 24, 2022.
             Slain by a gnoll (6 damage)
             ... on level 2 of the Dungeon.
             The game lasted 00:02:37 (1072 turns).

issech the Cudgeller (Troll Monk)                   Turns: 1072, Time: 00:02:38

Health: -1/36      AC:  4    Str: 19    XL:     3   Next: 62%
Magic:  2/2        EV: 10    Int:  6    God:
Gold:   18         SH:  0    Dex: 14    Spells: 2/2 levels left

rFire   . . .      SeeInvis .   a - +0 mace
rCold   . . .      Faith    .   (no shield)
rNeg    . . .      Spirit   .   b - +0 robe
rPois   .          Reflect  .   (helmet restricted)
rElec   .          Harm     .   (no cloak)
rCorr   .          Rampage  .   (gloves unavailable)
Will    .....                   (boots unavailable)
Stlth   ++........              (no amulet)
HPRegen 0.92/turn               (no ring)
MPRegen 0.08/turn               (no ring)

@: no status effects
A: large, unfitting armour, claws 3, regeneration 1, shaggy fur 1, tough skin 1
a: no special abilities


You were on level 2 of the Dungeon.
You visited 1 branch of the dungeon, and saw 2 of its levels.

You collected 18 gold pieces.

Inventory:

Hand Weapons
 a - a +0 mace (weapon)
Missiles
 c - 25 arrows
 i - 3 boomerangs (quivered)
 l - 24 sling bullets
 m - 21 stones
Armour
 b - a +0 robe (worn)
Scrolls
 d - 3 scrolls of identify {unknown}
 f - 4 scrolls of enchant weapon {unknown}
 j - a scroll of holy word {unknown}
Potions
 e - 2 potions of lignification {unknown}
 g - a potion of brilliance {unknown}
 h - a potion of attraction {unknown}
 k - a potion of haste {unknown}


   Skills:
 + Level 2.8 Fighting
 + Level 3.3 Maces & Flails
 + Level 2.8 Dodging
 + Level 1.1 Stealth


You had 2 spell levels left.
You didn't know any spells.
Your spell library was empty.

Dungeon Overview and Level Annotations

Branches:
Dungeon (2/15)

Altars:


Innate Abilities, Weirdness & Mutations

You are too large for most types of armour.
You have claws for hands.
Your natural rate of healing is unusually fast.
You are covered in fur. (AC +1)
You have tough skin. (AC +1)


Message History

The gnoll hits you with a +0 spear. The gnoll barely misses you.
You thump the gnoll!
The gnoll is almost dead.
The gnoll barely misses you.
The gnoll hits you from afar with a +3 spear.
You hit the gnoll.
You kill the gnoll!
The gnoll hits you from afar with a +3 spear!
The gnoll hits you with a +3 spear!
* * * LOW HITPOINT WARNING * * *
Things that are here:
a +0 spear; a gnoll corpse You hit the gnoll.
The gnoll is moderately wounded.
The gnoll barely misses you.
You hit the gnoll but do no damage.
The gnoll is moderately wounded.
The gnoll barely misses you. x2
You hit the gnoll but do no damage.
The gnoll is moderately wounded.
The gnoll misses you.
You hit the gnoll.
The gnoll is moderately wounded.
The gnoll hits you with a +3 spear.
* * * LOW HITPOINT WARNING * * *
You closely miss the gnoll.
The gnoll is moderately wounded.
The gnoll hits you with a +3 spear!
* * * LOW HITPOINT WARNING * * *
The gnoll hits you from afar with a +3 spear.
* * * LOW HITPOINT WARNING * * *
The gnoll hits you from afar with a +3 spear.
* * * LOW HITPOINT WARNING * * *
A goblin comes into view. It is wielding a +0 club.
The gnoll hits you with a +3 spear!
* * * LOW HITPOINT WARNING * * *
You barely miss the gnoll.
The gnoll is moderately wounded.
The gnoll hits you with a +3 spear.
You die...

..###..####### #.#
#.?# #g# #..# #<#
#..# ## ..###..# #. #
.......# #. .#
#####)## #.## #.#
#####.########.###.##
...............g@g..#
#####.##########.##.#
...# #.# # ##### #.#
#.# #.# #.# #.#


You could see a gnoll and a goblin.

Vanquished Creatures
  A gnoll (D:2)
  A worm (D:2)
  A dart slug (D:1)
  4 ball pythons
  4 endoplasms
  6 goblins (D:1)
  4 hobgoblins (D:1)
  2 jackals (D:1)
  4 quokkas (D:1)
  2 bats (D:1)
  A frilled lizard (D:1)
  A kobold (D:1)
  2 rats (D:1)
33 creatures vanquished.

Vanquished Creatures (others)
  4 plants (D:1)
  3 withered plants (D:1)
7 creatures vanquished.

Grand Total: 40 creatures vanquished

Notes
Turn   | Place    | Note
-------+----------+-------------------------------------------
     0 | D:1      | issech the Troll Monk began the quest for the Orb.
     0 | D:1      | Reached XP level 1. HP: 22/22 MP: 0/0
   121 | D:1      | Reached XP level 2. HP: 24/29 MP: 1/1
   173 | D:1      | Found a faded altar of an unknown god.
   317 | D:1      | Reached skill level 3 in Maces & Flails
   462 | D:1      | Reached XP level 3. HP: 34/36 MP: 2/2
  1058 | D:2      | HP: 1/36 [gnoll (3)]
  1072 | D:2      | Slain by a gnoll

Illustrated notes

Levels and vault maps discovered:
D:1:      heliophobic_arrival_enchanted_forest, layout_basic, serial_curves,
          eino_curves_04, eino_curves_01, shapermc_ecumenical_altar_flowoftime
D:2:      layout_loops_ring, basic_altar, uniq_robin, uniq_jessica

Skill      XL: |  1  2 |
---------------+-------+-----
Maces & Flails | 3 |  3.3
Fighting       | |  2.8
Dodging        | |  2.8
Stealth        | |  1.1

Action                   || total
-------------------------++-------
Melee: Mace              ||   135
       Punch             ||     2
 Stab: Sleeping          ||     1
Armor: Robe              ||    39
Dodge: Dodged            ||    62

Table legend: (Time is in decaauts)
 A = Elapsed time spent in this place.
 B = Non-inter-level travel time spent in this place.
 C = Inter-level travel time spent in this place.
 D = Time resting spent in this place.
 E = Time spent auto-exploring this place.
 F = Levels seen in this place.
 G = Mean time per level.
                   A        B        C        D        E       F      G
               +--------+--------+--------+--------+--------+-----+--------+
         Total |   1105 |   1064 |     41 |      0 |    579 |   2 |  552.5 |
       Dungeon |   1105 |   1064 |     41 |      0 |    579 |   2 |  552.5 |
               +--------+--------+--------+--------+--------+-----+--------+

Top non-repeatable levels by time:
     D:1: 941 daAuts
     D:2: 164 daAuts
